 Dungeon Crawl Stone Soup version 0.31-a0-187-gba352fbbf7 (webtiles) character file.

Game seed: 2265530066355114134

9 qw the Shooter (level 2, 0/16 HPs)
             Began as a Deep Elf Hunter on June 22, 2023.
             Slain by a jackal (3 damage)
             ... on level 1 of the Dungeon.
             The game lasted 00:00:04 (97 turns).

qw the Shooter (Deep Elf Hunter)                      Turns: 97, Time: 00:00:05

Health: 0/16       AC:  3    Str:  8    XL:     2   Next: 3%
Magic:  4/4        EV: 12    Int: 13    God:
Gold:   0          SH:  0    Dex: 18    Spells: 1/1 levels left

rFire   . . .        a - +0 shortbow
rCold   . . .        (shield currently unavailable)
rNeg    . . .        c - +0 leather armour
rPois   .            (no helmet)
rElec   .            (no cloak)
rCorr   .            (no gloves)
SInv    .            (no boots)
Will    .....        (no amulet)
Stlth   ++           (no ring)
HPRegen 0.22/turn    (no ring)
MPRegen 0.09/turn

%: no passive effects
@: no status effects
A: no striking features
a: no special abilities


You were on level 1 of the Dungeon.
You visited 1 branch of the dungeon, and saw 1 of its levels.


   Skills:
 - Level 1.5 Fighting
 + Level 6.0 Ranged Weapons
 - Level 2.4 Dodging
 - Level 1.2 Stealth


You had one spell level left.
You didn't know any spells.
Your spell library was empty.

Inventory:

Hand Weapons
 a - a +0 shortbow (weapon)
Armour
 c - a +0 leather armour (worn)
Scrolls
 b - a scroll of butterflies
 d - a scroll of identify {unknown}
 e - a scroll of silence {unknown}

Dungeon Overview and Level Annotations

Branches:
Dungeon (1/15)

Altars:


Message History

A jackal comes into view. x2
You shoot an arrow. The arrow closely misses the goblin.
The jackal barks!
You hear a bark!
A jackal comes into view.
The goblin hits you with a +0 club.
You shoot an arrow. The arrow closely misses the goblin.
The goblin barely misses you.
You shoot an arrow.
The arrow hits the goblin but does no damage.
The goblin misses you.
You shoot an arrow. The arrow barely misses the goblin.
The arrow hits the jackal.
You kill the jackal!
The goblin barely misses you. The quokka barely misses you.
You shoot an arrow. The arrow hits the goblin.
The goblin is heavily wounded.
The goblin barely misses you. The quokka closely misses you.
You shoot an arrow. The arrow barely misses the goblin.
The quokka closely misses you. The goblin hits you with a +0 club.
You shoot an arrow. The arrow hits the goblin!
You kill the goblin!
The quokka bites you.
The jackal bites you but does no damage.
The quokka bites you.
You shoot an arrow.
The arrow hits the jackal but does no damage.
The jackal bites you but does no damage.
The quokka barely misses you. The jackal bites you.
You shoot an arrow. The arrow hits the jackal!
You kill the jackal!
The quokka bites you but does no damage. x2
Your Ranged Weapons skill increases to level 6!
You have reached level 2!
You shoot an arrow.
The arrow hits the jackal but does no damage.
The jackal barely misses you.
The quokka bites you but does no damage.
The jackal bites you.
You die...

##### .##. .... #
....# ##########
#+##.....
.........##
#........
.............#
#..).....
#............#
#rh......
#...(........###@#
##'#####.....+...#
#.##....... ###.#
#.......# #.####.#
####[....#
##......#
.........##
#..######
#######...#####.##
###.(#....#
##...####


You could see a quokka and a jackal.

Vanquished Creatures
  A ball python (D:1)
  A giant cockroach (D:1)
  2 goblins (D:1)
  2 jackals (D:1)
  A kobold (D:1)
7 creatures vanquished.

Notes
Turn   | Place    | Note
-------+----------+-------------------------------------------
     0 | D:1      | qw the Deep Elf Hunter began the quest for the Orb.
     0 | D:1      | Reached XP level 1. HP: 12/12 MP: 3/3
     0 | D:1      | 0 ||| qw: Version: 0.3-a-9-g12657ce
     0 | D:1      | 0 ||| qw: Game counter: 2053
     0 | D:1      | 0 ||| qw: Always use a shield: true
     0 | D:1      | 0 ||| qw: God list: Okawaru
     0 | D:1      | 0 ||| qw: Allow faded altars: false
     0 | D:1      | 0 ||| qw: Do Orc after D:15 true
     0 | D:1      | 0 ||| qw: Do second Lair branch before Depths: true
     0 | D:1      | 0 ||| qw: Lair rune preference: random
     0 | D:1      | 0 ||| qw: Plans: Normal
     0 | D:1      | 0 ||| PLANNING D:1-11
    95 | D:1      | HP: 1/12 [jackal (3)]
    97 | D:1      | Reached skill level 6 in Ranged Weapons
    97 | D:1      | Reached XP level 2. HP: 2/16 MP: 4/4
    97 | D:1      | Slain by a jackal

Levels and vault maps discovered:
D:1:      dpeg_arrival_pits, layout_basic, skrybe_limestone_x

Skill      XL: |  1 |
---------------+----+-----
Ranged Weapons | 6 |  6.0
Fighting       | |  1.5
Dodging        | |  2.4
Stealth        | |  1.2

Action                     || total
---------------------------++-------
   Fire: Shortbow          ||    23
 Armour: Leather armour    ||     5
  Dodge: Dodged            ||     9

Table legend:
 A = Non-vault XP
 B = Vault XP
 C = Vault XP percentage of total XP
 D = Non-vault monster count
 E = Vault monster count
 F = Vault count percentage of total count
                 A         B        C        D         E       F
            +---------+---------+-------+---------+---------+-------
      Total |      13 |       0 |   0.0 |       7 |       0 |   0.0
            +---------+---------+-------+---------+---------+-------
        D:1 |      13 |       0 |   0.0 |       7 |       0 |   0.0
            +---------+---------+-------+---------+---------+-------
